 Dungeon Crawl Stone Soup version 0.21.1-1-g345015f (webtiles) character file.

109 kae the Insei (level 4, 0/29 HPs)
             Began as an Octopode Transmuter on June 14, 2018.
             Succumbed to an adder's poison
             ... on level 2 of the Dungeon.
             The game lasted 00:01:16 (1840 turns).

kae the Insei (Octopode Transmuter)                 Turns: 1840, Time: 00:01:17

Health: 0/29       AC:  2    Str:  9    XL:     4   Next: 89%
Magic:  7/7        EV: 20    Int: 15    God:
Gold:   138        SH:  0    Dex: 18    Spells: 2/8 levels left

rFire    . . .     SeeInvis .     - Unarmed
rCold    . . .     Gourm    .   (shield currently unavailable)
rNeg     . . .     Faith    .   (helmet currently unavailable)
rPois    x         Spirit   .   (no amulet)
rElec    .         Reflect  .   (no ring)
rCorr    .         Harm     .   (no ring)
MR       .....                  (no ring)
Stlth    ++........             (no ring)
HPRegen  0.09/turn              (no ring)
MPRegen  0.10/turn              (no ring)
                                (no ring)
                                (no ring)

@: lethally poisoned (0 -> -4), spider-form (expiring)
A: tiny, almost no armour, stealthy swim, (amphibious), 8 rings, (constrict 8)
a: End Transformation


You were on level 2 of the Dungeon.
You were hungry.
You were a venomous arachnid creature.
You visited 1 branch of the dungeon, and saw 2 of its levels.

You collected 138 gold pieces.

Inventory:

Missiles
 a - 33 arrows
Scrolls
 d - 2 scrolls of identify
 e - a scroll of remove curse {unknown}
 f - a scroll of fear
Books
 b - a book of Changes

   Spells                             Type                      Level
   a - Beastly Appendage              Transmutation                1
   b - Sticks to Snakes               Transmutation                2
   c - Spider Form                    Transmutation/Poison         3
   d - Ice Form                       Ice/Transmutation            4
   e - Blade Hands                    Transmutation                5
Comestibles
 c - 5 rations


   Skills:
 + Level 2.0 Fighting
 + Level 2.6 Dodging
 * Level 4.0 Unarmed Combat
 + Level 2.5 Spellcasting
 + Level 2.5 Transmutations


You had 2 spell levels left.
You knew the following spells:

 Your Spells              Type           Power        Failure   Level  Hunger
a - Beastly Appendage     Tmut           #.....       21%         1    #......
b - Sticks to Snakes      Tmut           #.......     26%         2    ###....
c - Spider Form           Tmut/Pois      #.........   58%         3    ###....


Dungeon Overview and Level Annotations

Branches:
Dungeon (2/15)

Altars:
Dithmenos
Sif Muna


Innate Abilities, Weirdness & Mutations

You cannot wear most types of armour.
You are very stealthy in the water. (Stealth+)
((You are amphibious.))
You can wear up to eight rings at the same time.
((You can use your tentacles to constrict eight enemies at once.))
((Your skin changes colour to match your surroundings (Stealth+).))
((Your rubbery body absorbs attacks. (AC +1, EV +1)))


Message History

The adder bites you but does no damage. The hobgoblin misses you.
The kobold closely misses you. The adder barely misses you.
You closely miss the adder.
The adder is heavily wounded.
You feel sick. The hobgoblin misses you. The kobold hits you.
* * * LOW HITPOINT WARNING * * *
The adder barely misses you.
You bite the adder!
You kill the adder!
Your Fighting skill increases to level 2!
Your Unarmed Combat skill increases to level 4!
The kobold completely misses you. The hobgoblin hits you with a club.
* * * LOW HITPOINT WARNING * * *
The kobold misses you. The hobgoblin misses you.
You see here an adder corpse.
You feel sick. The hobgoblin misses you.
It was a potion of magic.
Magic courses through your body. The kobold misses you.
The hobgoblin hits you with a club.
* * * LOW HITPOINT WARNING * * *
You die...

#......... #.........
###########.........
#...................
#...................
#................###
#................#
#######........#######.##
#........s.....# #..#
#..............#######..##
#.....g.K......#.........#
###..(...†.......#...[.....#
#.........########.........#
#...............#...........
#......†........#.######'#.÷
#_........#######)########..
#.....###.#≈≈≈≈≈).≈≈≈≈≈≈##..


You could see a hobgoblin and a kobold.

Vanquished Creatures
  Jessica (D:2)
  4 adders (D:2)
  3 dart slugs
  2 leopard geckos (D:1)
  5 bats
  3 giant cockroaches
  3 goblins
  2 hobgoblins (D:1)
  2 jackals (D:1)
  4 kobolds (D:1)
  A quokka (D:2)
  3 frilled lizards
  6 rats
39 creatures vanquished.

Notes
Turn   | Place    | Note
-------+----------+-------------------------------------------
     0 | D:1      | kae the Octopode Transmuter began the quest for the Orb.
     0 | D:1      | Reached XP level 1. HP: 13/13 MP: 3/3
   204 | D:1      | Reached XP level 2. HP: 14/18 MP: 5/5
   663 | D:1      | Reached XP level 3. HP: 16/23 MP: 4/6
  1138 | D:2      | Found a shadowy altar of Dithmenos.
  1378 | D:2      | Reached XP level 4. HP: 21/29 MP: 5/7
  1395 | D:2      | Learned a level 2 spell: Sticks to Snakes
  1399 | D:2      | Learned a level 3 spell: Spider Form
  1563 | D:2      | Noticed Jessica
  1574 | D:2      | Killed Jessica
  1814 | D:2      | Found a deep blue altar of Sif Muna.
  1835 | D:2      | Reached skill level 4 in Unarmed Combat
  1838 | D:2      | HP: 1/29 [hobgoblin/club (5)]
  1840 | D:2      | Succumbed to an adder's poison

Skill      XL: |  1  2  3  4 |
---------------+-------------+-----
Fighting       | 2 |  2.0
Unarmed Combat | 4 |  4.0
Dodging        | |  2.6
Spellcasting   | |  2.5
Transmutations | |  2.5

Action                   |  1- 3 |  4- 6 || total
-------------------------+-------+-------++-------
Melee: Unarmed           |    68 |    31 ||    99
       Tentacles         |    10 |       ||    10
       Constrict         |    19 |     4 ||    23
       Punch             |     4 |       ||     4
       Kick              |     8 |       ||     8
 Cast: Beastly Appendage |    16 |       ||    16
       Spider Form       |       |     2 ||     2
  Use: Scroll            |     2 |       ||     2
       Potion            |       |     1 ||     1
 Stab: Sleeping          |     4 |       ||     4
  Eat: Chunk             |     1 |     2 ||     3
Armor: Skin              |     8 |     2 ||    10
Dodge: Dodged            |    39 |    40 ||    79
